 Dungeon Crawl Stone Soup version 0.29-a0-362-g5854e031c7 (webtiles) character file.

Game seed: 7797035030828551724

208 spaghetti the Ruffian (level 5, -4/43 HPs)
             Began as a Naga Wanderer on Apr 30, 2022.
             Was a Believer of Makhleb.
             Slain by Grinder (5 damage)
             ... while paralysed by Grinder
             ... on level 3 of the Dungeon.
             The game lasted 00:06:14 (3453 turns).

spaghetti the Ruffian (Naga Wanderer)               Turns: 3453, Time: 00:06:15

Health: -4/43      AC:  3    Str: 22    XL:     5   Next: 86%
Magic:  0/6        EV:  1    Int: 11    God:    Makhleb [**....]
Gold:   86         SH:  0    Dex: 12    Spells: 5/6 levels left

rFire   . . .      SeeInvis +   e - +2 whip (elec) {mace}
rCold   . . .      Faith    .   t - +0 buckler
rNeg    . . .      Spirit   +   f - +0 leather armour
rPois   +          Reflect  .   (no helmet)
rElec   .          Harm     .   (no cloak)
rCorr   .          Rampage  .   (no gloves)
Will    .....      Rnd*Tele +   (no barding)
Stlth   ++........              x - amulet of guardian spirit
HPRegen 0.94/turn               j - +6 ring of dexterity
MPRegen 0.10/turn               i - +4 ring of evasion

@: paralysed, short of breath, very slow
A: AC +1, large, see invisible, deformed body, poison resistance, slowness 2,
spit poison 1, naga tail 1, regeneration 1, teleportitis 1, sturdy frame 1
a: Spit Poison, Renounce Religion, Minor Destruction


You were on level 3 of the Dungeon.
You worshipped Makhleb.
Makhleb was pleased with you.
You visited 1 branch of the dungeon, and saw 3 of its levels.

You collected 86 gold pieces.


Innate Abilities, Weirdness & Mutations

Your serpentine skin is tough. (AC +1)
You have supernaturally acute eyesight. (SInv)
Armour fits poorly on your strangely shaped body.
Your system is resistant to poisons. (rPois)
You cover ground very slowly.
You can spit poison.
You have a snake-like lower body.
Your natural rate of healing is unusually fast.
You are occasionally teleported next to monsters.
Your movements are slightly less encumbered by armour. (ER -2)


   Skills:
 + Level 0.7 Fighting
 - Level 2.0 Throwing
 * Level 3.4 Armour
 + Level 0.3 Dodging
 - Level 1.5 Stealth
 - Level 3.6 Unarmed Combat
 - Level 1.0 Spellcasting
 - Level 2.0 Ice Magic
 * Level 2.4 Invocations


You had 5 spell levels left.
You knew the following spells:

 Your Spells              Type           Power      Damage    Failure   Level
a - Freeze                Ice            16%        1d4       19%         1

Your spell library contained the following spells:

 Spells                   Type           Power      Damage    Failure   Level
 Frozen Ramparts          Ice            8%         1d2       50%         3

Inventory:

Hand Weapons
 a - a +0 dagger {short}
 e - a +2 whip of electrocution (weapon) {mace}
   (You took it off an orc on level 2 of the Dungeon)
 m - a +2 vorpal long sword {long}
   (You took it off a kobold on level 1 of the Dungeon)
Missiles
 k - 23 stones (quivered) {throwing}
 p - 5 poisoned darts {throwing}
 q - a javelin {throwing}
 u - a boomerang {throwing}
Armour
 f - a +0 leather armour (worn)
 t - a +0 buckler (worn)
   (You found it on level 2 of the Dungeon)
Jewellery
 c - a +6 ring of intelligence
   (You found it on level 2 of the Dungeon)
 i - a +4 ring of evasion (right hand)
   (You found it on level 2 of the Dungeon)
 j - a +6 ring of dexterity (left hand)
   (You found it on level 1 of the Dungeon)
 x - an amulet of guardian spirit (around neck)
   (You found it on level 3 of the Dungeon)
 z - a ring of ice
   (You found it on level 3 of the Dungeon)
Scrolls
 b - a scroll of blinking {!r}
 d - a scroll of fear
 l - 2 scrolls of identify {unknown}
 n - a scroll of teleportation {unknown}
 o - 2 scrolls of enchant armour {unknown}
 r - a scroll of noise {unknown}
 s - a scroll of vulnerability {unknown}
 y - a scroll of brand weapon {unknown}
Potions
 g - a potion of mutation {!q}
 h - a potion of cancellation
 w - a potion of lignification {unknown}

Dungeon Overview and Level Annotations

Branches:
Dungeon (3/15)

Altars:
Makhleb
Xom

Annotations:
D:3 Grinder

##.####.###.......#.....
#.###.#.##.....#...#...
#.##.###.#.....##.##...
#.#.## ##..######.##...
#..## ##(# #.##... #.#.#
##.## #.##...
#.##.###(## #.##... #.#
#.#.## #.##... #.#
#@#....... .<#####
#..(...5(######
##########


You could see Grinder.


Message History

Aim: Grinder (lightly wounded, 54% to hit)
The splash of poison hits Grinder.
Grinder completely resists.
Grinder says, "You look like you could use a good racking."
Grinder hits you.
You writhe in agony. 😮 HP[-5] MP[-1]
You take 5 damage, and now have 25/43 hp.
You lost 1 mp, and now have 1/6 mp.
Unknown command.
Unknown command.
You hit Grinder. Lightning courses through Grinder!
Grinder drinks a potion.
Grinder is healed!
Unknown command.
Unknown command.
You barely miss Grinder. Grinder hits you but does no damage.
You barely miss Grinder.
Grinder hits you but does no damage. 😮 HP[+1] Unknown command.
You hit Grinder but do no damage. Grinder gestures at you.
You suddenly lose the ability to move!
You have got your breath back.
Grinder hits you.
You writhe in agony.
* * * LOW HITPOINT WARNING * * *
Grinder blinks!
You can move again. 😨 HP[-7]
You take 7 damage, and now have 19/43 hp.
Unknown command.
Unknown command.
Unknown command.
It was a potion of mutation.
You feel extremely strange.
You begin to heal more quickly.
You feel weirdly uncertain.
You feel less encumbered by your armour. 😨 HP[+1]
Aiming: Spit Poison (1% risk of failure)
Press: ? - help, Shift-Dir - straight line, f/p - Grinder
Aim: Grinder (heavily wounded, 54% to hit)
The splash of poison hits Grinder.
Grinder gestures at you. Pain shoots through your body!
* * * LOW HITPOINT WARNING * * *
😱 HP[-11]
You take 11 damage, and now have 9/43 hp.
MASSIVE DAMAGE!! (PAUSE) Throw: 2 javelins {throwing}
Press: ? - help, Shift-Dir - straight line, f/p - Grinder
Aim: Grinder (heavily wounded, 53% to hit)
You throw a javelin {throwing}.
The javelin {throwing} pierces through Grinder!
Grinder gestures at you.
You suddenly lose the ability to move!
Grinder grins, showing sharp teeth.
You have got your breath back.
Grinder blinks!
Grinder gestures at you. Pain shoots through your body!
* * * LOW HITPOINT WARNING * * *
You can move again. 😨 HP[+2]
You regained 2 hp, and now have 11/43 hp.
Okay, then.
You feel better. Grinder misses you. 😨 HP[+9]
You regained 9 hp, and now have 20/43 hp.
Aiming: Spit Poison (1% risk of failure)
Press: ? - help, Shift-Dir - straight line, f/p - Grinder
Aim: Grinder (severely wounded, 54% to hit)
The splash of poison hits Grinder.
Grinder barely misses you. 😨 HP[+1]
Okay, then.
You hit Grinder.
Grinder barely misses you. 😮 HP[+1] MP[+1]
You hit Grinder.
You have got your breath back.
You block Grinder's attack. 😮 HP[+1]
You hit Grinder but do no damage.
Grinder says, "You look like you could use a good racking."
Grinder gestures at you. Pain shoots through your body!
* * * LOW HITPOINT WARNING * * *
😨 HP[-5] MP[-1]
You take 5 damage, and now have 18/43 hp.
You lost 1 mp, and now have 1/6 mp.
Unknown command.
Aiming: Spit Poison (1% risk of failure)
Press: ? - help, Shift-Dir - straight line, f/p - Grinder
Aim: Grinder (almost dead, 54% to hit)
The splash of poison hits Grinder.
Grinder completely resists.
Grinder gestures at you.
You suddenly lose the ability to move!
Grinder hits you.
* * * LOW HITPOINT WARNING * * *
You writhe in agony.
* * * LOW HITPOINT WARNING * * *
Grinder hits you!
* * * LOW HITPOINT WARNING * * *
You writhe in agony.
You die...

Skill      XL: |  1  2  3  4  5 |
---------------+----------------+-----
Armour         | 2 3 |  3.4
Throwing       | 2 |  2.0
Invocations    | 1 2 |  2.4
Fighting       | |  0.7
Dodging        | |  0.3
Stealth        | |  1.5
Unarmed Combat | |  3.6
Spellcasting   | |  1.0
Ice Magic      | |  2.0

Action                   |  1- 3 |  4- 6 || total
-------------------------+-------+-------++-------
Melee: Dagger            |    46 |       ||    46
       Punch             |     2 |       ||     2
       Long sword        |    29 |     4 ||    33
       Whip              |       |    90 ||    90
Throw: Dart              |    57 |     6 ||    63
       Javelin           |     2 |     4 ||     6
       Stone             |       |    76 ||    76
 Abil: Spit Poison       |     4 |     5 ||     9
  Use: Potion            |     3 |     2 ||     5
 Stab: Sleeping          |     1 |       ||     1
Armor: Leather armour    |    17 |    13 ||    30
Dodge: Dodged            |    35 |    47 ||    82
Block: Buckler           |       |     3 ||     3

Levels and vault maps discovered:
D:1:      spicycebolla_arrival_xxxplode, layout_loops_cross,
          shapermc_ecumenical_altar_gd
D:2:      layout_basic, serial_shops, nicolae_lakefront_shop, minmay_cut_off
D:3:      layout_loops_ring, overflow_temple_1_default,
          gammafunk_ghost_nasty_kobolds, kennysheep_flooded_box,
          chequers_hall_statues_wall_a, uniq_grinder

Notes
Turn   | Place    | Note
-------+----------+-------------------------------------------
     0 | D:1      | spaghetti the Naga Wanderer began the quest for the Orb.
     0 | D:1      | spaghetti set off with the following items: a +0 dagger
                  | {short}, a scroll of blinking {!r}, 10 poisoned darts
                  | {throwing}, a scroll of fear, a potion of berserk rage
                  | {!q}, a +0 leather armour; and the following spell
                  | memorised: Freeze; and the following spells available to
                  | memorise: Frozen Ramparts
     0 | D:1      | Reached XP level 1. HP: 15/15 MP: 2/2
     0 | D:1      | magus.rc [v1.9.6]
   218 | D:1      | Reached XP level 2. HP: 8/22 MP: 3/3
   875 | D:1      | Found a faded altar of an unknown god.
  1174 | D:1      | Reached skill level 2 in Armour
  1174 | D:1      | Reached XP level 3. HP: 28/28 MP: 4/4
  1192 | D:1      | Reached skill level 2 in Throwing
  1204 | D:1      | Prayed at the altar of an unknown god.
  1204 | D:1      | Became a worshipper of Makhleb the Destroyer
  1204 | D:1      | Reached * piety under Makhleb
  1573 | D:2      | HP: 7/42 [worm (10)]
  1925 | D:2      | Reached skill level 1 in Invocations
  1925 | D:2      | Reached XP level 4. HP: 32/36 MP: 5/5
  2329 | D:2      | Reached skill level 3 in Armour
  2329 | D:2      | Reached XP level 5. HP: 42/42 MP: 6/6
  2418 | D:2      | Reached ** piety under Makhleb
  2717 | D:2      | Found Asy Noe's Antique Armour Emporium.
  2786 | D:2      | Reached skill level 2 in Invocations
  2922 | D:3      | Found a shimmering altar of Xom.
  3422 | D:3      | Noticed Grinder
  3434 | D:3      | Paralysed by Grinder for 4 turns
  3438 | D:3      | Gained mutation: Your natural rate of healing is unusually
                  | fast. [potion of mutation]
  3438 | D:3      | Gained mutation: You are occasionally teleported next to
                  | monsters. [potion of mutation]
  3438 | D:3      | Gained mutation: Your movements are slightly less
                  | encumbered by armour. (ER -2) [potion of mutation]
  3439 | D:3      | HP: 9/43 [Grinder/nerve-wracking pain (12)]
  3440 | D:3      | Paralysed by Grinder for 6 turns
  3444 | D:3      | HP: 10/43 [Grinder/nerve-wracking pain (4)]
  3451 | D:3      | Paralysed by Grinder for 3 turns
  3452 | D:3      | HP: 9/43 [Grinder (6)]
  3453 | D:3      | HP: 1/43 [Grinder (9)]
  3453 | D:3      | Slain by Grinder

Vanquished Creatures
  2 orc priests
  3 gnolls (D:2)
  4 adders
  A worm (D:2)
  4 dart slugs
  8 orcs
  2 endoplasms
  4 giant cockroaches
  6 goblins
  5 hobgoblins
  4 quokkas
  4 ball pythons
  7 bats
  6 frilled lizards
  5 kobolds
  8 rats
73 creatures vanquished.

Vanquished Creatures (others)
  7 demonic plants (D:1)
  9 fungi (D:1)
  5 plants (D:1)
  3 withered plants (D:1)
24 creatures vanquished.

Grand Total: 97 creatures vanquished

Table legend:
 A = Non-vault XP
 B = Vault XP
 C = Vault XP percentage of total XP
 D = Non-vault monster count
 E = Vault monster count
 F = Vault count percentage of total count
                 A         B        C        D         E       F
            +---------+---------+-------+---------+---------+-------
      Total |     297 |       1 |   0.3 |      72 |       1 |   1.4
            +---------+---------+-------+---------+---------+-------
        D:1 |      46 |       0 |   0.0 |      28 |       0 |   0.0
        D:2 |     173 |       1 |   0.6 |      31 |       1 |   3.1
        D:3 |      78 |       0 |   0.0 |      13 |       0 |   0.0
            +---------+---------+-------+---------+---------+-------

Illustrated notes

Table legend:
 A = Kills in this place as a percentage of kills in entire the game.
 B = Kills by you in this place as a percentage of kills by you in the entire game.
 C = Kills by friends in this place as a percentage of kills by friends in the entire game.
 D = Other kills in this place as a percentage of other kills in the entire game.
 E = Experience gained in this place as a percentage of experience gained in the entire game.
 F = Experience gained in this place divided by the number of levels of this place that you have seen.
                   A       B       C       D       E      F
               +-------+-------+-------+-------+-------+----------------------
         Total | 100.0 | 100.0 |   N/A |   N/A | 100.0 |  99.3
       Dungeon | 100.0 | 100.0 |   N/A |   N/A | 100.0 |  99.3
               +-------+-------+-------+-------+-------+----------------------

Table legend: (Time is in decaauts)
 A = Elapsed time spent in this place.
 B = Non-inter-level travel time spent in this place.
 C = Inter-level travel time spent in this place.
 D = Time resting spent in this place.
 E = Time spent auto-exploring this place.
 F = Levels seen in this place.
 G = Mean time per level.
                   A        B        C        D        E       F      G
               +--------+--------+--------+--------+--------+-----+--------+
         Total |   4073 |   4012 |     61 |    964 |   2463 |   3 | 1357.7 |
       Dungeon |   4073 |   4012 |     61 |    964 |   2463 |   3 | 1357.7 |
               +--------+--------+--------+--------+--------+-----+--------+

Top non-repeatable levels by time:
     D:1: 1780 daAuts
     D:2: 1607 daAuts
     D:3: 685 daAuts
